 Dungeon Crawl Stone Soup version 0.21.1-1-g345015f (webtiles) character file.

645 vatarom the Ruffian (level 7, -4/61 HPs)
             Began as a Troll Transmuter on May 4, 2018.
             Was a Believer of Cheibriados.
             Killed by divine providence
             ... invoked by an orc priest
              (11 damage)
             ... on level 4 of the Dungeon.
             The game lasted 00:06:49 (2783 turns).

vatarom the Ruffian (Troll Transmuter)              Turns: 2783, Time: 00:06:50

Health: -4/61      AC:  5    Str: 24 (25) XL:     7   Next: 27%
Magic:  7/7        EV: 10    Int: 12 (13) God:    Cheibriados [**....]
Gold:   210        SH:  6    Dex: 13 (14) Spells: 2/8 levels left

rFire    . . .     SeeInvis .     - Unarmed
rCold    . . .     Gourm    +   (no shield)
rNeg     . . .     Faith    .   b - +0 robe
rPois    .         Spirit   .   (helmet restricted)
rElec    .         Reflect  +   (no cloak)
rCorr    .         Harm     .   (gloves unavailable)
MR       .....     Rnd*Rage +   (boots unavailable)
Stlth    +.........             i - +6 amulet of reflection
HPRegen  0.60/turn              (no ring)
MPRegen  0.10/turn              (no ring)

@: about to teleport, very slow
A: large, unfitting armour, claws 3, fangs 1, berserk 1, dopey 1, fast
metabolism 3, gourmand, regeneration 1, shaggy fur 1, strong 1, tough skin 2
a: Bend Time, Renounce Religion


You were on level 4 of the Dungeon.
You worshipped Cheibriados.
Cheibriados was pleased with you.
You were not hungry.

You visited 1 branch of the dungeon, and saw 4 of its levels.
You also visited: Sewer.

You collected 210 gold pieces.

Inventory:

Missiles
 a - 50 arrows
Armour
 b - a +0 robe (worn)
Jewellery
 i - a +6 amulet of reflection (around neck)
Wands
 e - a wand of clouds (4)
 j - a wand of polymorph (13)
 m - a wand of acid (8)
Scrolls
 f - 2 scrolls of enchant armour
 g - a scroll of identify
 h - a scroll of enchant weapon
 n - a scroll of fog {unknown}
 o - 2 scrolls of teleportation
 q - a scroll of blinking
Potions
 l - 4 potions of curing
 p - a potion of flight
Books
 c - a book of Changes

   Spells                             Type                      Level
   a - Beastly Appendage              Transmutation                1
   b - Sticks to Snakes               Transmutation                2
   c - Spider Form                    Transmutation/Poison         3
   d - Ice Form                       Ice/Transmutation            4
   e - Blade Hands                    Transmutation                5
Comestibles
 d - 4 rations


   Skills:
 - Level 0.7 Fighting
 - Level 1.5 Dodging
 + Level 5.9 Unarmed Combat
 - Level 1.2 Spellcasting
 * Level 4.6 Transmutations
 + Level 1.2 Invocations


You had 2 spell levels left.
You knew the following spells:

 Your Spells              Type           Power        Failure   Level  Hunger
a - Beastly Appendage     Tmut           ##....       4%          1    ##.....
b - Sticks to Snakes      Tmut           ##......     7%          2    ###....
c - Spider Form           Tmut/Pois      #.........   34%         3    ####...


Dungeon Overview and Level Annotations

Branches:
Dungeon (4/15)
 Temple: D:4-7

Altars:
Cheibriados
Fedhas
Hepliaklqana
Wu Jian


Innate Abilities, Weirdness & Mutations

You are too large for most types of armour.
You have claws for hands.
Your metabolism is lightning-fast.
You like to eat raw meat.
Your natural rate of healing is unusually fast.
You are covered in fur. (AC +1)
You have very tough skin. (AC +2)
You have very sharp teeth.
You tend to lose your temper in combat.
You are dopey. (Int -2)
Your muscles are strong. (Str +2)


Message History

You are too injured to fight recklessly!
You feel much better. Something hits you but does no damage.
The orc wizard casts a spell.
The orc wizard seems to speed up.
The orc priest misses you.
You closely miss the orc priest.
The orc priest invokes the aid of Beogh against you.
Beogh smites you! Something hits you.
You closely miss the orc priest.
The orc priest hits you but does no damage.
You hear some strange, mumbled words.
A magic dart appears from out of thin air!
The magic dart hits you!
As you read the scroll of teleportation, it crumbles to dust.
You feel strangely unstable.
The orc priest mumbles some strange prayers to Beogh against you.
Beogh smites you!
* * * LOW HITPOINT WARNING * * *
The orc priest invokes the aid of Beogh against you.
Beogh smites you!
You die...

#...................
#...................
#<.......#..........
##########..........
###...........
##...###......(
###..#######.....
##.......## #....
#@........# #...
#oo#.........# ...
#oo##.........# ..##
#.....!....# ...
#..........# ..
##.......... #
##........ #......


You could see 3 orc priests and an orc wizard.

Vanquished Creatures
  The ghost of kae the Ruffian, an amateur DrTm (D:3)
  3 big kobolds (Sewer)
  2 orc wizards (D:2)
  Jessica (D:2)
  Ijyb (D:3)
  3 gnolls (D:2)
  5 adders (Sewer)
  2 river rats (Sewer)
  4 oozes
  An adder skeleton (D:3)
  4 worms
  A dart slug (D:2)
  5 leopard geckos
  An orc (D:2)
  3 ball pythons
  4 giant cockroaches
  7 goblins
  4 hobgoblins
  5 jackals
  5 bats
  2 frilled lizards
  10 kobolds
  9 rats
83 creatures vanquished.

Notes
Turn   | Place    | Note
-------+----------+-------------------------------------------
     0 | D:1      | vatarom the Troll Transmuter began the quest for the Orb.
     0 | D:1      | Reached XP level 1. HP: 18/18 MP: 1/1
   124 | D:1      | Reached XP level 2. HP: 25/26 MP: 2/2
   605 | D:2      | Reached skill level 4 in Unarmed Combat
   605 | D:2      | Reached XP level 3. HP: 32/32 MP: 1/3
   614 | D:2      | Reached XP level 4. HP: 35/40 MP: 2/4
   643 | D:2      | Learned a level 2 spell: Sticks to Snakes
   800 | D:2      | Found a snail-covered altar of Cheibriados.
   803 | D:2      | Became a worshipper of Cheibriados the Contemplative
  1012 | D:2      | Noticed Jessica
  1019 | D:2      | Killed Jessica
  1301 | D:2      | Reached XP level 5. HP: 33/46 MP: 5/5
  1368 | D:2      | Learned a level 3 spell: Spider Form
  1461 | D:3      | Found a glowing drain.
  1479 | Sewer    | Entered a sewer
  1568 | Sewer    | Reached * piety under Cheibriados
  1623 | Sewer    | Reached skill level 5 in Unarmed Combat
  1664 | Sewer    | Reached XP level 6. HP: 51/54 MP: 6/6
  1992 | D:3      | Noticed kae's ghost (amateur DrTm)
  1999 | D:3      | Gained mutation: You tend to lose your temper in combat. [potion of mutation]
  1999 | D:3      | Gained mutation: You have very sharp teeth. [potion of mutation]
  1999 | D:3      | Gained mutation: You are dopey. (Int -2) [potion of mutation]
  1999 | D:3      | Gained mutation: Your muscles are strong. (Str +2) [potion of mutation]
  2005 | D:3      | Killed kae's ghost
  2005 | D:3      | Reached skill level 1 in Invocations
  2005 | D:3      | Reached XP level 7. HP: 50/61 MP: 7/7
  2047 | D:3      | Noticed Ijyb
  2053 | D:3      | Killed Ijyb
  2099 | D:3      | Reached ** piety under Cheibriados
  2188 | D:3      | Found a faded altar of an unknown god.
  2188 | D:3      | Found a blossoming altar of Fedhas.
  2193 | D:3      | Found a faded altar of an unknown god.
  2195 | D:3      | Found a hazy altar of Hepliaklqana.
  2196 | D:3      | Found an ornate altar of the Wu Jian Council.
  2783 | D:4      | Killed from afar by an orc priest

Skill      XL: |  1  2  3  4  5  6 |
---------------+-------------------+-----
Unarmed Combat | 4 5 |  5.9
Transmutations | 2 3 4 |  4.6
Invocations    | 1 |  1.2
Fighting       | |  0.7
Dodging        | |  1.5
Spellcasting   | |  1.2

Action                   |  1- 3 |  4- 6 |  7- 9 || total
-------------------------+-------+-------+-------++-------
Melee: Unarmed           |    53 |   144 |    43 ||   240
       Punch             |       |     6 |     3 ||     9
       Headbutt          |       |     2 |       ||     2
       Bite              |       |       |     5 ||     5
 Cast: Beastly Appendage |     2 |     1 |       ||     3
  Use: Potion            |       |     5 |     1 ||     6
       Scroll            |       |       |     7 ||     7
  Eat: Chunk             |     5 |     7 |     3 ||    15
       Ration            |       |     1 |     1 ||     2
Armor: Robe              |    13 |    33 |    21 ||    67
Dodge: Dodged            |    12 |    42 |    23 ||    77
Block: Other             |     1 |    27 |     8 ||    36
       Reflection        |       |     1 |     1 ||     2
